 Dungeon Crawl Stone Soup version 0.29.1-15-g9cfb28693d (webtiles) character file.

Game seed: 5093131725599006178

505 growler the Slasher (level 6, -1/44 HPs)
             Began as a Demonspawn Gladiator on Mar 13, 2023.
             Slain by Dowan
             ... wielding a +0 dagger
              (4 damage)
             ... on level 4 of the Dungeon.
             The game lasted 00:09:17 (3684 turns).

growler the Slasher (Demonspawn Gladiator)          Turns: 3684, Time: 00:09:18

Health: -1/44      AC:  5    Str: 20    XL:     6   Next: 96%
Magic:  6/6        EV: 12    Int: 11    God:
Gold:   239        SH:  0    Dex: 15    Spells: 5/5 levels left

rFire   . . .      SeeInvis +   a - +0 long sword
rCold   . . .      Faith    .   (no shield)
rNeg    . . .      Spirit   .   b - +0 leather armour
rPois   .          Reflect  .   t - +1 helmet {SInv}
rElec   .          Harm     .   (no cloak)
rCorr   .          Rampage  .   (no gloves)
Will    .....                   (no boots)
Stlth   +.........              (no amulet)
HPRegen 0.14/turn               s - +6 ring of strength
MPRegen 0.10/turn               (no ring)

@: mighty
A: demonic touch 2
a: no special abilities


You were on level 4 of the Dungeon.
You visited 1 branch of the dungeon, and saw 4 of its levels.

You collected 239 gold pieces.

Inventory:

Hand Weapons
 a - a +0 long sword (weapon)
Missiles
 d - 2 throwing nets (quivered)
 e - a javelin
Armour
 b - a +0 leather armour (worn)
 c - a +0 helmet
 p - a +1 pair of gloves
 t - a +1 helmet of see invisible (worn)
Jewellery
 g - a ring of protection from cold
 s - a +6 ring of strength (left hand)
 x - a ring of resist corrosion
 y - a +4 ring of evasion
 G - an amulet of faith
Wands
 u - a wand of flame (18)
 z - a wand of mindburst (16)
 A - a wand of charming (4)
Scrolls
 h - 2 scrolls of fear {unknown}
 i - a scroll of poison {unknown}
 j - 2 scrolls of immolation {unknown}
 l - 2 scrolls of acquirement {unknown}
 n - 4 scrolls of torment {unknown}
 r - 6 scrolls of teleportation {unknown}
 B - a scroll of fog {unknown}
 C - a scroll of blinking {unknown}
 F - a scroll of noise {unknown}
Potions
 f - a potion of brilliance
 k - 3 potions of might
 o - a potion of degeneration {unknown}
 q - a potion of flight
 v - a potion of mutation {unknown}
 w - 2 potions of haste {unknown}
 D - a potion of lignification {unknown}
 E - a potion of magic


   Skills:
 - Level 2.0 Fighting
 + Level 7.3 Long Blades
 - Level 1.7 Throwing
 - Level 2.6 Dodging


You had 5 spell levels left.
You didn't know any spells.
Your spell library contained the following spells:

 Spells                   Type           Power      Damage    Failure   Level
 Gell's Gravitas          Tloc           0%         N/A       77%         3
 Lesser Beckoning         Tloc           0%         N/A       77%         3
 Teleport Other           Tloc           0%         N/A       77%         3


Dungeon Overview and Level Annotations

Branches:
Dungeon (4/15)
 Temple: D:4-7

Altars:
Kikubaaqudgha

Shops:
D:1 :

Annotations:
D:4 4 runed translucent doors, Dowan


Innate Abilities, Weirdness & Mutations

Your touch may inflict irresistible damage on your foes.


Message History

You barely miss Dowan. Your touch misses Dowan.
Dowan is moderately wounded.
Dowan closely misses you.
You hit Dowan.
Dowan is moderately wounded.
Dowan hits you but does no damage. Dowan barely misses you.
You closely miss Dowan. Your touch misses Dowan.
Dowan is moderately wounded.
Dowan hits you with a +0 dagger.
You hit Dowan. Your touch misses Dowan.
Dowan is moderately wounded.
Dowan shakes with grief.
Dowan hits you but does no damage. Dowan barely misses you.
You closely miss Dowan.
Dowan is moderately wounded.
Dowan says, "Magic will overcome all!"
Dowan misses you.
You slash Dowan!
Dowan is severely wounded.
Dowan points at you and mumbles some strange words.
The shard of ice hits you!!
* * * LOW HITPOINT WARNING * * *
Dowan hits you with a +0 dagger.
* * * LOW HITPOINT WARNING * * *
Okay, then.
You feel better. Dowan hits you with a +0 dagger.
* * * LOW HITPOINT WARNING * * *
Unknown command.
You feel better. Dowan casts a spell at you. The stone arrow hits you!
* * * LOW HITPOINT WARNING * * *
Dowan hits you but does no damage.
It was a potion of might.
You feel very mighty all of a sudden. Dowan closely misses you.
You miss Dowan. Your touch misses Dowan.
Dowan is severely wounded.
Dowan hits you with a +0 dagger.
You die...

###.# .. ##.#.## . ...
#.....##### . .... ####
#......#..# ....
....##.........## .......
................##
#.......###.....!...#.....#
..##...........e..###.....##
.......#......##@###.......#
##.....#[.....#..#...###...# #
#.#.....##).#...##....#
######.......##.....###...#####
#.#........#......####........##
...........##.....)............#
........P♣.........##.#....##..##
...................####.....#...#
≈........)..##......##..##......#


You could see Dowan (fast).

Vanquished Creatures
  Duvessa (D:4)
  A bullfrog (D:4)
  A scorpion (D:4)
  A howler monkey (D:4)
  A hound (D:4)
  2 iguanas (D:4)
  7 adders
  A river rat (D:3)
  A white imp (D:4)
  4 worms
  A dart slug (D:2)
  3 orcs
  5 ball pythons
  5 bats
  7 endoplasms
  4 giant cockroaches
  2 hobgoblins (D:1)
  4 jackals (D:1)
  4 quokkas
  4 frilled lizards
  10 goblins
  6 kobolds
  9 rats
84 creatures vanquished.

Notes
Turn   | Place    | Note
-------+----------+-------------------------------------------
     0 | D:1      | growler the Demonspawn Gladiator began the quest for the
                  | Orb.
     0 | D:1      | Reached XP level 1. HP: 16/16 MP: 1/1
    34 | D:1      | Reached skill level 3 in Long Blades
   120 | D:1      | Gained mutation: Your touch may inflict minor irresistible
                  | damage on your foes. [demonic ancestry]
   120 | D:1      | Reached XP level 2. HP: 19/22 MP: 2/2
   391 | D:1      | Found a faded altar of an unknown god.
   659 | D:1      | Found Posikh Miwo's Book Shoppe.
   895 | D:2      | Reached XP level 3. HP: 22/27 MP: 3/3
  1012 | D:2      | Reached skill level 4 in Long Blades
  1606 | D:3      | Gained mutation: Your touch may inflict irresistible damage
                  | on your foes. [demonic ancestry]
  1606 | D:3      | Reached XP level 4. HP: 15/33 MP: 4/4
  1967 | D:3      | Found an ancient bone altar of Kikubaaqudgha.
  2568 | D:4      | Reached skill level 5 in Long Blades
  2664 | D:4      | Reached XP level 5. HP: 20/38 MP: 5/5
  3082 | D:4      | Found a large runed translucent door.
  3084 | D:4      | Found a large runed translucent door.
  3126 | D:4      | Found a large runed translucent door.
  3126 | D:4      | Found a large runed translucent door.
  3181 | D:4      | Reached skill level 6 in Long Blades
  3285 | D:4      | Noticed a wyvern
  3307 | D:4      | Reached XP level 6. HP: 44/44 MP: 6/6
  3644 | D:4      | Noticed Duvessa
  3657 | D:4      | Killed Duvessa
  3658 | D:4      | Reached skill level 7 in Long Blades
  3664 | D:4      | Noticed Dowan
  3680 | D:4      | HP: 2/44 [Dowan/+0 dagger (1)]
  3684 | D:4      | Slain by Dowan

Illustrated notes

Levels and vault maps discovered:
D:1:      roderic_chinese_lattice_arrival, layout_loops_ring, serial_shops,
          nicolae_shop_trees, chequers_ecumenical_altar_simple
D:2:      layout_rooms, minmay_tetromino_t2
D:3:      layout_basic, amcnicky_altar_gilded, gup_sewer_entry_spiral
D:4:      layout_cave_pools, grunt_temple_overflow_lords_of_destruction,
          elyvilon_altar_3, serial_park, serial_park_fountain,
          serial_park_tiny_1, serial_park_tiny_1, minmay_hollow_rounded_squares,
          uniq_duvessa

Skill      XL: |  1  2  3  4  5  6 |
---------------+-------------------+-----
Long Blades    | 3 4 5 6 7 |  7.3
Fighting       | |  2.0
Throwing       | |  1.7
Dodging        | |  2.6

Action                   |  1- 3 |  4- 6 || total
-------------------------+-------+-------++-------
Melee: Long sword        |    92 |   130 ||   222
       Touch             |    11 |    21 ||    32
       Punch             |     1 |       ||     1
Throw: Throwing net      |       |     1 ||     1
  Use: Scroll            |       |     5 ||     5
       Potion            |       |     5 ||     5
 Stab: Sleeping          |     2 |     2 ||     4
       Held in net/web   |       |     1 ||     1
Armor: Leather armour    |    37 |    38 ||    75
Dodge: Dodged            |    76 |    72 ||   148
